 Dungeon Crawl Stone Soup version 0.30-b1-2-g02819fbbbe (webtiles) character file.

Game seed: 15624613465488074896

89 LLlMATKO the Chopper (level 4, 0/61 HPs)
             Began as a Minotaur Berserker on Oct 15, 2023.
             Was a Believer of Trog.
             Succumbed to a gnoll's poison
             ... on level 2 of the Dungeon.
             The game lasted 00:01:56 (1243 turns).

LLlMATKO the Chopper (Minotaur Berserker)           Turns: 1243, Time: 00:01:56

Health: 0/61       AC:  5    Str: 23    XL:     4   Next: 31%
Magic:  0/3        EV: 12    Int:  4    God:    Trog [**....]
Gold:   67         SH:  0    Dex: 10    Spells: 3/3 levels left

rFire   . . .        a - +0 hand axe
rCold   . . .        (no shield)
rNeg    . . .        b - +0 animal skin
rPois   .            (helmet restricted)
rElec   .            (no cloak)
rCorr   .            e - +2 pair of gloves {infuse}
SInv    .            (no boots)
Will    .....        (no amulet) Stlth
                     (no ring)
HPRegen 0.30/turn    (no ring)
MPRegen 0.08/turn

%: no passive effects
@: berserking, lethally poisoned (0 -> -12), very quick
A: horns 2, retaliatory headbutt
a: Renounce Religion, Berserk, Trog's Hand


You were on level 2 of the Dungeon.
You worshipped Trog.
Trog was pleased with you.
You visited 1 branch of the dungeon, and saw 2 of its levels.

You collected 67 gold pieces.

Inventory:

Hand Weapons
 a - a +0 hand axe (weapon)
Missiles
 h - a throwing net (quivered)
Armour
 b - a +0 animal skin (worn)
 e - a +2 pair of gloves of infusion (worn)
Jewellery
 l - a ring of see invisible
Scrolls
 d - 2 scrolls of magic mapping {unknown}
 j - a scroll of brand weapon {unknown}
 n - a scroll of identify {unknown}
 o - a scroll of fog {unknown}
Potions
 c - a potion of invisibility {unknown}
 f - a potion of flight {unknown}
 g - a potion of mutation {unknown}
 i - a potion of curing {unknown}
 k - a potion of might {unknown}
 m - a potion of lignification {unknown}


   Skills:
 + Level 4.4 Fighting
 + Level 4.4 Axes
 + Level 3.4 Armour
 + Level 3.1 Dodging


You had 3 spell levels left.
You didn't know any spells.
Your spell library was empty.

Dungeon Overview and Level Annotations

Branches:
Dungeon (2/15)

Altars:

Shops:
D:1 =(=


Innate Abilities, Weirdness & Mutations

You have a pair of horns on your head.
You reflexively headbutt those who attack you in melee.


Message History

There are monsters nearby!
You closely miss the gnoll. The gnoll barely misses you. x2
The gnoll shouts!
You slash the gnoll! Your headbutt misses the gnoll.
The gnoll is severely wounded.
The gnoll closely misses you. The gnoll hits you with a +0 whip.
A gnoll comes into view. It is wielding a +2 spear of venom.
The gnoll shouts!
The gnoll barely misses you. The gnoll closely misses you.
The gnoll barely misses you.
A red film seems to cover your vision as you go berserk!
You feel yourself moving faster!
You feel mighty! The gnoll hits you with a +0 flail!
The gnoll hits you but does no damage. The gnoll hits you with a +0 whip.
The gnoll hits you from afar with a +2 spear of venom.
You are poisoned.
You slash the gnoll! You headbutt the gnoll.
You kill the gnoll!
Trog accepts your kill.
You hit the gnoll.
You kill the gnoll!
Trog accepts your kill.
You hit the gnoll.
You feel very sick.
You feel sick. The gnoll hits you with a +0 flail!
The gnoll hits you with a +2 spear of venom.
* * * LOW HITPOINT WARNING * * *
Things that are here:
a +0 spear; a gnoll corpse You closely miss the gnoll.
You barely miss the gnoll.
You feel sick. The gnoll hits you with a +0 flail!
* * * LOW HITPOINT WARNING * * *
The gnoll hits you with a +2 spear of venom.
* * * LOW HITPOINT WARNING * * *
You are more poisoned.
Unknown command.
You slash the gnoll!
The gnoll is severely wounded.
You hit the gnoll.
You die...

#### #.. ###g####
#####.g@...#
###....)..##.#
##.#
#..........#.#.
....
######.........#.
##.#
######.##..#.#...
...#
#..........#.#...
....
####.#...........
...#
##...............
. ..
#...........>:...
....


You could see 2 gnolls.

Vanquished Creatures
  5 gnolls (D:2)
  A worm (D:2)
  A dart slug (D:2)
  5 endoplasms
  4 giant cockroaches
  4 goblins
  2 hobgoblins (D:1)
  3 kobolds (D:1)
  4 ball pythons
  2 bats (D:1)
  2 frilled lizards (D:2)
  3 rats
36 creatures vanquished.

Notes
Turn   | Place    | Note
-------+----------+-------------------------------------------
     0 | D:1      | LLlMATKO the Minotaur Berserker began the quest for the
                  | Orb.
     0 | D:1      | Reached XP level 1. HP: 19/19 MP: 0/0
   158 | D:1      | Found Gigausicuj's Jewellery Shop.
   196 | D:1      | Reached XP level 2. HP: 27/27 MP: 1/1
   281 | D:1      | Found Bapa's Weapon Emporium.
   284 | D:1      | Found Rosmam's Jewellery Emporium.
   805 | D:2      | Reached XP level 3. HP: 33/33 MP: 0/2
  1006 | D:2      | Reached ** piety under Trog
  1165 | D:2      | Reached XP level 4. HP: 39/41 MP: 0/3
  1242 | D:2      | HP: 2/61 [gnoll/+2 spear of venom (3)]
  1243 | D:2      | Succumbed to a gnoll's poison

Illustrated notes

Levels and vault maps discovered:
D:1:      nzn_arrival_water_spiral, layout_basic, serial_shops, shop,
          nicolae_shop_tiny_waterfront, nicolae_square_shop, chequers_garden
D:2:      wad_pebble_path, layout_basic

Skill      XL: |  1  2  3 |
---------------+----------+-----
Fighting       | 4 |  4.4
Axes           | 4 |  4.4
Armour         | 3 |  3.4
Dodging        | 3 |  3.1

Action                     |  1- 3 |  4- 6 || total
---------------------------+-------+-------++-------
  Melee: Hand axe          |    59 |     7 ||    66
         Headbutt          |     6 |     1 ||     7
 Invoke: Berserk           |     1 |     1 ||     2
 Armour: Animal skin       |    13 |     1 ||    14
  Dodge: Dodged            |    35 |     7 ||    42
